 Dungeon Crawl Stone Soup version 0.24.0-37-gcf1ca852f1 (webtiles) character file.

Game seed: 1337728950242501547, levelgen mode: deterministic

68 Mrkan the Poker (level 4, -1/35 HPs)
             Began as a Merfolk Gladiator on Nov 25, 2019.
             Was an Initiate of Ashenzari.
             Slain by Sigmund
             ... wielding a +0 scythe
              (5 damage)
             ... on level 2 of the Dungeon.
             The game lasted 00:02:21 (1326 turns).

Mrkan the Poker (Merfolk Gladiator)                 Turns: 1326, Time: 00:02:21

Health: -1/35      AC:  4    Str: 14    XL:     4   Next: 19%
Magic:  4/4        EV: 14    Int:  7    God:    Ashenzari [......]
Gold:   123        SH:  0    Dex: 16    Spells: 3/3 levels left

rFire    . . .     SeeInvis .   a - +0 trident
rCold    . . .     Gourm    .   (no shield)
rNeg     . . .     Faith    .   b - +0 leather armour
rPois    .         Spirit   .   c - +0 helmet
rElec    .         Reflect  .   (no cloak)
rCorr    .         Harm     .   (no gloves)
MR       .....                  (no boots)
Stlth    +.........             (no amulet)
HPRegen  0.11/turn              (no ring)
MPRegen  0.09/turn              (no ring)

@: no status effects
A: change form in water, swift swim, stealthy swim
a: Curse Item, Renounce Religion


You were on level 2 of the Dungeon.
You worshipped Ashenzari.
Ashenzari was noncommittal.
You were not hungry.

You visited 1 branch of the dungeon, and saw 2 of its levels.

You collected 123 gold pieces.

Inventory:

Hand Weapons
 a - a +0 trident (weapon)
Missiles
 d - 3 throwing nets (quivered)
Armour
 b - a +0 leather armour (worn)
 c - a +0 helmet (worn)
Scrolls
 e - a scroll of teleportation {unknown}
 h - 5 scrolls of identify {unknown}
 j - a scroll of amnesia {unknown}
 k - a scroll of blinking {unknown}
 m - a scroll of fog {unknown}
 p - a scroll of fear {unknown}
 r - a scroll of magic mapping {unknown}
Potions
 g - 2 potions of ambrosia {unknown}
 i - a potion of brilliance {unknown}
 l - 2 potions of haste {unknown}
 n - a potion of mutation {unknown}
 o - a potion of heal wounds {unknown}
Comestibles
 f - 6 rations
 q - 4 chunks of flesh


   Skills:
 + Level 3.0 Fighting
 * Level 6.0 Polearms
 - Level 2.0 Throwing
 + Level 4.7 Dodging


You had 3 spell levels left.
You didn't know any spells.
Your spell library was empty.

Dungeon Overview and Level Annotations

Branches:
Dungeon (2/15)

Altars:
Ashenzari

Annotations:
D:2 Sigmund


Message History

Sigmund is lightly wounded.
Sigmund mumbles some strange words.
Sigmund flickers and vanishes!
Deactivating autopickup; reactivate with Ctrl-A.
Attack whom?
Press: ? - help, Dir - move target cursor, f - you That would be overly suicidal.
Okay, then.
Something hits you!
You hear some strange, mumbled words.
Something tries to affect you, but you resist.
Something hits you!
* * * LOW HITPOINT WARNING * * *
You closely miss something.
You hear some strange, mumbled words.
A magic dart appears from out of thin air!
The magic dart hits you.
* * * LOW HITPOINT WARNING * * *
You miss something. Something hits you.
You die...

#.########
#...K....#
#.######.# #.#
#.# #.# #.# #.#
####.# #K# #.##.#
#.# ###.##.# #@#
...##.# #.#
#####.##.######.#
#........†......#
##.##.##.########
#.##.##.#
#.##.##.#
#.##.##.#
#..#.##.#


You could see a kobold.

Vanquished Creatures
  A gnoll (D:1)
  2 adders (D:2)
  An ooze (D:1)
  3 dart slugs
  A ball python (D:1)
  2 bats (D:1)
  2 giant cockroaches
  2 goblins
  4 hobgoblins
  3 jackals (D:2)
  3 frilled lizards
  4 kobolds
  4 rats (D:1)
32 creatures vanquished.

Notes
Turn   | Place    | Note
-------+----------+-------------------------------------------
     0 | D:1      | Mrkan the Merfolk Gladiator began the quest for the Orb.
     0 | D:1      | Reached XP level 1. HP: 16/16 MP: 1/1
   197 | D:1      | Reached XP level 2. HP: 23/23 MP: 2/2
   308 | D:1      | Reached skill level 5 in Polearms
   373 | D:1      | Reached XP level 3. HP: 20/28 MP: 3/3
   737 | D:2      | Found a shattered altar of Ashenzari.
   764 | D:2      | Became a worshipper of Ashenzari the Shackled
  1111 | D:2      | Reached XP level 4. HP: 23/35 MP: 4/4
  1290 | D:2      | Reached skill level 6 in Polearms
  1305 | D:2      | Noticed Sigmund
  1326 | D:2      | Slain by Sigmund

Levels and vault maps discovered:
D:1:      minmay_arrival_statue_studded, layout_basic, st_stairs_14,
          hangedman_abyss_or_decor_lesser_grid
D:2:      layout_basic, grunt_ministairs_10, evilmike_ruin_ashenzari,
          uniq_sigmund

Skill      XL: |  1  2  3  4 |
---------------+-------------+-----
Polearms       | 5 6 |  6.0
Fighting       | 3 |  3.0
Throwing       | |  2.0
Dodging        | |  4.7

Action                   |  1- 3 |  4- 6 || total
-------------------------+-------+-------++-------
Melee: Trident           |   107 |     9 ||   116
  Eat: Chunk             |     1 |       ||     1
Armor: Leather armour    |    22 |       ||    22
Dodge: Dodged            |    80 |     2 ||    82
